 Dungeon Crawl Stone Soup version 0.29-a0-362-g5854e031c7 (webtiles) character file.

Game seed: 10223870488833451159

597 Hubjo the Firebug (level 7, -1/41 HPs)
             Began as a Deep Elf Fire Elementalist on Apr 29, 2022.
             Was an Initiate of Ru.
             Slain by a yak (4 damage)
             ... summoned by the darkness of Dithmenos
             ... on level 4 of the Dungeon.
             The game lasted 00:09:13 (6023 turns).

Hubjo the Firebug (Deep Elf Fire Elementalist)      Turns: 6023, Time: 00:09:14

Health: -1/41      AC:  3    Str:  5    XL:     7   Next: 17%
Magic:  17/17      EV: 13    Int: 20    God:    Ru [......]
Gold:   151        SH:  0    Dex: 17    Spells: 8/16 levels left

rFire   . . .      SeeInvis .   (no weapon)
rCold   . . .      Faith    .   (no shield)
rNeg    . . .      Spirit   .   a - +0 robe
rPois   .          Reflect  .   (no helmet)
rElec   .          Harm     .   (no cloak)
rCorr   .          Rampage  .   (no gloves)
Will    .....                   j - +0 pair of boots
Stlth   +++.......              (no amulet)
HPRegen 0.13/turn               (no ring)
MPRegen 0.15/turn               (no ring)

@: hasted, very quick
A: no striking features
a: Renounce Religion


You were on level 4 of the Dungeon.
You worshipped Ru.
Ru was noncommittal.
You visited 2 branches of the dungeon, and saw 5 of its levels.

You collected 151 gold pieces.

Inventory:

Armour
 a - a +0 robe (worn)
 j - a +0 pair of boots (worn)
 m - a +2 kite shield
Scrolls
 g - 2 scrolls of enchant weapon {unknown}
 k - a scroll of blinking {unknown}
 l - a scroll of fog {unknown}
 o - 2 scrolls of vulnerability {unknown}
 q - a scroll of immolation {unknown}
Potions
 b - 2 potions of magic
 d - 2 potions of berserk rage {unknown}
 e - a potion of haste
 h - a potion of curing {unknown}
 i - a potion of brilliance {unknown}
 n - a potion of attraction {unknown}
 r - a potion of resistance {unknown}


   Skills:
 + Level 3.1 Fighting
 - Level 2.4 Dodging
 + Level 5.1 Stealth
 + Level 5.3 Spellcasting
 - Level 1.1 Conjurations
 * Level 5.7 Fire Magic


You had 8 spell levels left.
You knew the following spells:

 Your Spells              Type           Power      Damage    Failure   Level
a - Foxfire               Conj/Fire      76%        2x1d7     2%          1
b - Summon Guardian Gole  Hex/Summ       5%         N/A       32%         3
c - Flame Wave            Conj/Fire      19%        2d6       26%         4

Your spell library contained the following spells:

 Spells                   Type           Power      Damage    Failure   Level
 Scorch                   Fire           56%        2d7       1%          2
 Conjure Flame            Conj/Fire      19%        6-21      9%          3
 Summon Small Mammal      Summ           20%        N/A       11%         1
 Inner Flame              Hex/Fire       16%        N/A       11%         3
 Call Canine Familiar     Summ           5%         N/A       32%         3


Dungeon Overview and Level Annotations

Branches:
Dungeon (4/15)             Temple (1/1) D:4

Altars:
Ashenzari
Cheibriados
Dithmenos
Elyvilon
Fedhas
Gozag
Kikubaaqudgha
Makhleb
Nemelex Xobeh
Okawaru
Qazlal
Ru
Sif Muna
Trog
Uskayaw
Vehumet
Wu Jian
Xom
Yredelemnul
Zin

Shops:
D:1 =   D:2 *

Annotations:
D:4 1 runed translucent door, Chaicat's ghost, amateur HOFi


Message History

Dithmenos weaves monsters from the shadows.
There are monsters nearby!
Okay, then.
As you read the scroll of teleportation, it crumbles to dust.
You feel strangely unstable. The vampire mosquito bites you!
The vampire mosquito draws strength from your injuries!
The cyclops hits you!!
Ouch! That really hurt!
* * * LOW HITPOINT WARNING * * *
The vampire mosquito barely misses you. x2; The cyclops closely misses you.
Your surroundings suddenly seem different.
Dithmenos weaves monsters from the shadows.
The divine experience confuses you!
You are confused.
There are monsters nearby!
You are too confused!
You feel much better.
The yak bellows! x2
You are too confused!
You're too confused to move!
The vampire closely misses you. The vampire bites you!
The vampire draws strength from your injuries!
The yak attacks as you move away! The yak gores you but does no damage.
The vampire mumbles some strange words.
The vampire flickers and vanishes!
Deactivating autopickup; reactivate with Ctrl-A.
You are too confused!
You feel much better. The yak gores you but does no damage.
You're too confused to move!
The yak gores you! The yak attacks as you move away!
The yak completely misses you. The cyclops hits you! Something hits you!
* * * LOW HITPOINT WARNING * * *
Something bites you.
* * * LOW HITPOINT WARNING * * *
Something draws strength from your injuries!
You are too confused!
It was a potion of haste.
You feel yourself speed up.
You feel less confused. The cyclops barely misses you. The yak gores you.
You die...

#..⌠..>..⌠.#########
##############..........#########
#...(....>.....###...###.........
#...........#### #.⌠.# #.........
#..............###...# #.........
#....................############
#.............YY...........######
#.............YC.....####........
#...........###Y@.#### #........
#...........# ###.# #........
#...........# #.#######........
#...........# #.......'........
############# #########........
#........ #........ #........
###........


You could see a cyclops (summoned) and 4 yaks.

Vanquished Creatures
  A black bear (D:4)
  2 ogres (D:4)
  2 scorpions
  2 jellies
  An orc wizard (D:2)
  4 adders
  An ufetubus (D:4)
  2 worms
  A dart slug (D:2)
  17 orcs
  6 ball pythons
  5 bats
  5 endoplasms
  4 hobgoblins
  6 jackals
  8 quokkas
  3 frilled lizards
  7 goblins
  3 kobolds
  3 rats
83 creatures vanquished.

Vanquished Creatures (others)
  An orc wizard (D:3)
  An orc (D:3)
  495 foxfires
497 creatures vanquished.

Grand Total: 580 creatures vanquished

Notes
Turn   | Place    | Note
-------+----------+-------------------------------------------
     0 | D:1      | Hubjo the Deep Elf Fire Elementalist began the quest for
                  | the Orb.
     0 | D:1      | Reached XP level 1. HP: 10/10 MP: 6/6
   281 | D:1      | Found Lioxzug's Jewellery Shop.
   799 | D:1      | Reached XP level 2. HP: 16/16 MP: 0/8
  1318 | D:1      | Reached skill level 1 in Fighting
  2066 | D:1      | Reached XP level 3. HP: 20/20 MP: 6/9
  2721 | D:2      | Found Jianuk's Assorted Antiques.
  2928 | D:2      | Reached XP level 4. HP: 26/26 MP: 5/11
  3130 | D:2      | Found a faded altar of an unknown god.
  3145 | D:2      | Prayed at the altar of an unknown god.
  3145 | D:2      | Became a worshipper of Uskayaw the Reveller
  3145 | D:2      | Reached * piety under Uskayaw
  3146 | D:2      | Fell from the grace of Uskayaw
  3147 | D:2      | Became a worshipper of Uskayaw the Reveller
  3148 | D:2      | Fell from the grace of Uskayaw
  4007 | D:3      | Found a radiant altar of Vehumet.
  4342 | D:3      | Learned a level 3 spell: Summon Guardian Golem
  4347 | D:3      | Learned a level 4 spell: Flame Wave
  4356 | D:4      | Noticed a scorpion
  4373 | D:3      | Reached XP level 5. HP: 18/30 MP: 6/13
  4536 | D:4      | Found a runed translucent door.
  4536 | D:4      | Noticed a black bear
  4536 | D:4      | Noticed Chaicat's ghost (amateur HOFi)
  4542 | D:4      | Killed a black bear
  4543 | D:4      | Reached XP level 6. HP: 36/36 MP: 7/15
  4703 | D:4      | Reached skill level 5 in Fire Magic
  4964 | D:4      | Reached skill level 5 in Spellcasting
  5056 | D:4      | Found a staircase to the Ecumenical Temple.
  5081 | D:4      | Was forgiven by Uskayaw
  5094 | Temple   | Entered the Ecumenical Temple
  5343 | Temple   | Became a worshipper of Dithmenos the Shadowed
  5446 | Temple   | Fell from the grace of Dithmenos
  5446 | Temple   | Became a worshipper of Ru the Awakened
  5682 | D:4      | Reached skill level 5 in Stealth
  5682 | D:4      | Reached XP level 7. HP: 34/41 MP: 9/17
  5957 | D:4      | Noticed a vampire mosquito
  5957 | D:4      | Noticed a vampire mosquito
  5957 | D:4      | Noticed a cyclops
  6017 | D:4      | Noticed a yak
  6017 | D:4      | Noticed a yak
  6017 | D:4      | Noticed a yak
  6017 | D:4      | Noticed a vampire
  6017 | D:4      | Noticed a cyclops
  6018 | D:4      | Noticed a yak
  6023 | D:4      | Slain by a yak

Illustrated notes

Levels and vault maps discovered:
D:1:      wander_arrival_lonely_grave, layout_loops_corners, serial_shops,
          nicolae_shop_window_shopping, kennysheep_doodads,
          minmay_misc_feat_hallway
D:2:      layout_rooms, serial_shops, nicolae_shop_trees,
          shapermc_ecumenical_altar_mp_highgroup
D:3:      layout_basic, fiery_altar_vehumet, serial_glass, glass_columns_c,
          glass_columns_a
D:4:      minmay_bubble_buster, layout_basic, minmay_temple_entry_junction,
          ebering_ghost_sewer_d, minmay_misc_feat_enclosed
Temple:   mainiacjoe_temple_bowtie_tessellation

Skill      XL: |  1  2  3  4  5  6 |
---------------+-------------------+-----
Fighting       | 1 2 3 |  3.1
Stealth        | 3 4 5 |  5.1
Spellcasting   | 4 5 |  5.3
Fire Magic     | 4 5 |  5.7
Dodging        | |  2.4
Conjurations   | |  1.1

Action                   |  1- 3 |  4- 6 |  7- 9 || total
-------------------------+-------+-------+-------++-------
Melee: Unarmed           |    24 |     4 |       ||    28
 Cast: Foxfire           |   153 |   142 |    14 ||   309
Invok: Renounce Religion |       |     2 |       ||     2
  Use: Scroll            |     1 |     3 |     1 ||     5
       Potion            |       |     3 |     3 ||     6
Armor: Robe              |     7 |     2 |     2 ||    11
Dodge: Dodged            |    28 |    15 |     6 ||    49

Table legend: (Time is in decaauts)
 A = Elapsed time spent in this place.
 B = Non-inter-level travel time spent in this place.
 C = Inter-level travel time spent in this place.
 D = Time resting spent in this place.
 E = Time spent auto-exploring this place.
 F = Levels seen in this place.
 G = Mean time per level.
                   A        B        C        D        E       F      G
               +--------+--------+--------+--------+--------+-----+--------+
         Total |   6034 |   5795 |    239 |      0 |   4990 |   5 | 1206.8 |
       Dungeon |   5644 |   5561 |     83 |      0 |   4780 |   4 | 1411.0 |
        Temple |    389 |    233 |    156 |      0 |    210 |   1 |  389.0 |
               +--------+--------+--------+--------+--------+-----+--------+

Top non-repeatable levels by time:
     D:1: 2315 daAuts
     D:2: 1298 daAuts
     D:4: 1105 daAuts
     D:3: 925 daAuts
  Temple: 389 daAuts
